Map: [ESL] Gresvan

Players

Mixu

  • Race: Zerg Zerg
  • League: Grandmaster
  • Spawn Location: 11:00

ShaDoWn - Winner!

  • Race: Protoss Protoss
  • Spawn Location: 5:00

Event: HomeStory Cup XXIII

VOD

Have the link to the VOD?

Description

Time

  • Played on: July 1, 2023, 1:41 p.m.
  • Length: 13:37

All games in this series

Show
View Real Time Build Order
Export as new Build Order

Mixu Zerg 

Build Orders: Hatch First 

Get SALT Encoding   

  12  0:00  Drone  
  13  0:12  Overlord  
  13  0:16  Drone  
  14  0:30  Drone x2  
  16  0:45  Drone  
  17  0:52  Hatchery  
  17  0:54  Drone  
  17  0:57  Drone  
  18  1:09  Extractor  
  17  1:12  Spawning Pool  
  17  1:16  Drone  
  17  1:19  Drone  
  18  1:27  Drone  
  19  1:38  Drone  
  20  1:50  Overlord  
  20  2:00  Queen  
  22  2:04  Queen  
  22  2:05  Drone, Zergling x2  
  26  2:10  Zergling x2  
  26  2:14  Metabolic Boost  
  27  2:16  Drone  
  28  2:24  Drone  
  28  2:26  Drone  
  30  2:34  Hatchery  
  30  2:36  Drone  
  30  2:42  Queen  
  32  2:46  Drone  
  32  2:50  Overlord  
  33  2:53  Drone  
  33  2:55  Drone  
  35  3:03  Drone  
  35  3:05  Overlord  
  36  3:09  Zergling x2  
  36  3:10  Zergling x2  
  36  3:12  Drone x3  
  41  3:15  Drone  
  40  3:22  Queen  
  40  3:25  Drone  
  43  3:28  Spore Crawler  
  43  3:31  Drone  
  43  3:33  Drone  
  44  3:41  Queen  
  45  3:42  Drone x2  
  45  3:46  Zergling x2  
  45  3:47  Drone, Zergling x2  
  50  3:50  Drone  
  50  3:54  Overlord  
  51  3:56  Spore Crawler  
  51  3:58  Evolution Chamber  
  50  4:05  Drone  
  50  4:08  Drone x4  
  53  4:10  Spore Crawler  
  53  4:12  Overlord  
  53  4:15  Drone  
  54  4:18  Drone x2  
  54  4:21  Drone x2  
  57  4:26  Drone x2  
  57  4:29  Drone  
  61  4:31  Drone x3  
  61  4:34  Overlord  
  61  4:37  Drone x2  
  65  4:39  Drone  
  65  4:41  Zergling x2  
  67  4:45  Drone  
  67  4:50  Hatchery  
  67  4:56  Overlord  
  67  4:57  Drone x5  
  72  5:01  Baneling Nest  
  72  5:02  Zergling x4  
  72  5:04  Drone  
  73  5:07  Overlord  
  73  5:11  Extractor, Lair  
  73  5:12  Extractor  
  73  5:13  Drone  
  72  5:14  Evolution Chamber  
  72  5:17  Extractor, Zergling x6  
  72  5:19  Zergling x6  
  76  5:23  Zergling x8  
  76  5:26  Zergling x4  
  82  5:31  Queen  
  82  5:32  Overlord  
  82  5:34  Zergling x6  
  87  5:39  Overlord  
  87  5:40  Zerg Melee Weapons Level 1  
  87  5:42  Zergling x4  
  89  5:45  Baneling x5  
  84  5:52  Zergling x14  
  84  5:55  Baneling x2  
  90  5:59  Zergling x2  
  90  6:02  Zergling x8  
  93  6:07  Zergling x6  
  95  6:15  Zergling x4  
  95  6:21  Zergling x4  
  95  6:24  Zergling x6  
  93  6:30  Drone x5  
  89  6:34  Drone  
  89  6:35  Drone x3  
  89  6:37  Drone  
  86  6:40  Drone x2  
  86  6:44  Drone x3  
  88  6:49  Drone x4  
  88  6:52  Drone  
  93  6:57  Roach Warren  
  93  6:59  Hatchery  
  93  7:00  Drone x2  
  93  7:04  Drone  
  93  7:05  Drone, Spore Crawler  
  94  7:09  Overlord  
  94  7:11  Zergling x10  
  94  7:14  Zergling x4  
  101  7:16  Zergling x6  
  101  7:19  Zergling x6  
  101  7:22  Baneling x4  
  107  7:26  Centrifugal Hooks  
  107  7:28  Drone x4  
  107  7:29  Zergling x4  
  113  7:32  Baneling x5  
  113  7:34  Zergling x6  
  116  7:41  Overlord  
  116  7:42  Zergling x6  
  119  7:47  Zergling x6  
  119  7:48  Zergling x4  
  119  7:50  Zergling x8  
  118  7:51  Zergling x4  
  118  7:55  Zergling x2  
  116  8:02  Queen, Zergling x8  
  113  8:06  Zergling x2  
  113  8:08  Queen  
  113  8:11  Zergling x8  
  114  8:13  Drone x5  
  114  8:14  Drone x2  
  114  8:16  Overlord  
  114  8:17  Drone x4  
  124  8:22  Drone  
  124  8:24  Pneumatized Carapace  
  124  8:25  Zerg Melee Weapons Level 2  
  125  8:27  Hatchery  
  125  8:28  Hatchery, Evolution Chamber  
  125  8:29  Glial Reconstitution  
  122  8:37  Roach x5  
  122  8:40  Queen  
  134  8:44  Overlord, Baneling x4  
  134  8:50  Overlord  
  134  8:52  Baneling x11  
  134  8:54  Queen  
  134  8:58  Roach  
  134  9:00  Overlord x3  
  134  9:01  Zerg Missile Weapons Level 1  
  134  9:04  Roach x3  
  134  9:06  Extractor  
  134  9:09  Burrow  
  139  9:14  Roach x4  
  147  9:18  Overlord x2  
  147  9:19  Zergling x8  
  151  9:24  Extractor  
  151  9:26  Zergling x14  
  157  9:43  Drone x6, Infestation Pit  
  157  9:44  Extractor, Overlord  
  157  9:45  Zergling x14  
  168  9:48  Drone x8  
  168  9:49  Baneling x5, Ravager  
  168  9:51  Ravager  
  168  9:52  Ravager  
  179  9:55  Zergling x4  
  179  9:56  Zergling x4  
  183  10:01  Zergling x10  
  183  10:03  Baneling x3  
  185  10:07  Zergling x2  
  183  10:14  Baneling x8  
  183  10:15  Baneling x5  
  180  10:24  Extractor  
  180  10:27  Hive  
  184  10:28  Zergling x34  
  184  10:34  Baneling x8  
  192  10:41  Zergling x2  
  192  10:42  Zergling x6  
  177  10:44  Zergling x2  
  177  10:45  Zergling x8  
  178  10:50  Zergling x10  
  178  10:54  Roach x2  
  172  10:59  Roach x8  
  172  11:02  Zergling x6  
  172  11:03  Baneling x12  
  185  11:04  Baneling  
  185  11:07  Roach x2  
  183  11:12  Zergling x6  
  183  11:15  Roach  
  183  11:18  Zergling x14  
  177  11:20  Zergling x4  
  177  11:23  Baneling x4  
  169  11:27  Roach x3  
  169  11:29  Baneling  
  169  11:30  Baneling x3  
  175  11:34  Zergling x10  
  175  11:36  Baneling x11  
  180  11:41  Roach x4  
  183  11:48  Zergling x10  
  183  11:53  Zergling x12  
  194  11:59  Adrenal Glands  
  194  12:00  Zergling x2  
  195  12:03  Extractor  
  195  12:04  Extractor, Zergling x4  
  195  12:08  Zergling x8  
  195  12:11  Zergling x2  
  195  12:14  Zergling x2  
  182  12:16  Zergling x10  
  182  12:21  Spire  
  182  12:22  Overlord x3  
  182  12:26  Baneling x15  
  181  12:34  Zergling x6  
  175  12:41  Zergling x24  
  183  12:47  Zergling x16  
  183  12:50  Baneling x9  
  183  12:51  Baneling x3  
  187  12:55  Zergling x22  
  194  13:01  Baneling x16  
  194  13:02  Baneling x3  
  192  13:11  Baneling x4  
  192  13:12  Baneling x5  
  187  13:17  Overlord x2  
Show
View Real Time Build Order
Export as new Build Order

ShaDoWn Protoss - Winner!

Build Orders: 1 Gate Expand, Oracle Opening, Zealot Archon 

Get SALT Encoding   

  12  0:00  Probe  
  13  0:14  Pylon  
  13  0:17  Probe (Chrono Boost)  
  14  0:26  Probe (Chrono Boost)  
  15  0:31  Probe (Chrono Boost)  
  16  0:39  Gateway  
  16  0:44  Probe  
  16  0:48  Assimilator  
  17  0:56  Probe  
  18  1:08  Probe  
  19  1:20  Probe  
  20  1:27  Nexus  
  20  1:34  Cybernetics Core  
  20  1:38  Probe  
  21  1:43  Assimilator  
  21  1:50  Probe  
  21  1:53  Pylon  
  22  2:02  Probe  
  23  2:08  Adept (Chrono Boost)  
  23  2:14  Probe  
  26  2:18  Stargate  
  26  2:26  Probe  
  26  2:28  Adept (Chrono Boost)  
  27  2:33  Warp Gate  
  29  2:40  Probe (Chrono Boost)  
  29  2:44  Probe (Chrono Boost)  
  31  2:49  Probe (Chrono Boost)  
  33  2:51  Adept  
  33  2:52  Probe (Chrono Boost)  
  33  2:54  Probe (Chrono Boost)  
  36  3:03  Probe  
  37  3:06  Probe, Oracle (Chrono Boost)  
  41  3:15  Probe  
  41  3:18  Probe  
  43  3:24  Pylon  
  43  3:27  Probe  
  43  3:30  Probe, Gateway  
  45  3:39  Probe  
  46  3:41  Oracle (Chrono Boost)  
  46  3:42  Probe  
  48  3:51  Nexus, Probe  
  48  3:54  Pylon  
  49  3:57  Probe  
  50  4:03  Probe  
  52  4:10  Probe  
  52  4:11  Oracle (Chrono Boost)  
  52  4:12  Assimilator  
  52  4:15  Probe  
  52  4:16  Assimilator  
  56  4:21  Adept  
  56  4:22  Probe  
  59  4:25  Stalker  
  59  4:27  Probe  
  59  4:30  Pylon  
  62  4:36  Forge  
  62  4:38  Twilight Council  
  62  4:48  Probe x2  
  64  4:55  Shield Battery  
  64  4:57  Gateway  
  62  5:01  Probe (Chrono Boost)  
  62  5:04  Probe x2 (Chrono Boost)  
  62  5:07  Protoss Ground Weapons Level 1 (Chrono Boost)  
  63  5:12  Probe (Chrono Boost)  
  63  5:13  Gateway  
  66  5:14  Probe (Chrono Boost)  
  66  5:17  Probe (Chrono Boost), Adept  
  66  5:18  Probe (Chrono Boost), Blink (Chrono Boost)  
  70  5:23  Probe (Chrono Boost)  
  72  5:28  Probe (Chrono Boost)  
  72  5:30  Probe (Chrono Boost), Stalker  
  72  5:33  Probe (Chrono Boost), Pylon  
  72  5:34  Probe (Chrono Boost)  
  76  5:37  Probe  
  76  5:41  Assimilator  
  77  5:43  Probe x2, Pylon  
  77  5:49  Probe  
  80  5:50  Stalker  
  80  5:53  Assimilator  
  80  5:54  Stalker x2  
  80  5:55  Probe  
  87  5:57  Probe  
  84  6:05  Probe  
  84  6:08  Stalker  
  87  6:13  Probe  
  87  6:17  Stalker x3  
  94  6:30  Shield Battery  
  94  6:31  Stalker  
  92  6:35  Photon Cannon  
  92  6:39  Pylon  
  87  6:40  Stalker  
  87  6:41  Stalker x2  
  87  6:42  Probe  
  87  6:45  Probe  
  87  6:46  Probe  
  95  6:48  Templar Archives  
  95  6:54  Probe  
  95  6:55  Gateway  
  95  6:56  Gateway  
  95  6:57  Protoss Ground Weapons Level 2 (Chrono Boost)  
  95  6:58  Nexus  
  95  7:00  Pylon  
  97  7:06  Stalker x2  
  97  7:08  Stalker  
  102  7:12  Stalker  
  102  7:14  Probe  
  105  7:19  Psionic Storm  
  105  7:21  Probe x2  
  107  7:24  Shield Battery  
  107  7:25  Photon Cannon  
  107  7:26  Probe  
  108  7:30  High Templar x2  
  108  7:33  Probe x2  
  108  7:36  Zealot  
  116  7:38  Probe  
  117  7:54  Archon  
  117  7:55  Probe x2  
  115  8:00  Stalker x2  
  115  8:05  Probe (Chrono Boost)  
  108  8:08  Probe (Chrono Boost)  
  108  8:10  Zealot  
  108  8:11  Zealot x3  
  115  8:15  Probe x2 (Chrono Boost)  
  115  8:17  Probe (Chrono Boost)  
  115  8:19  Probe (Chrono Boost)  
  109  8:20  Pylon  
  109  8:23  Probe (Chrono Boost)  
  109  8:24  Probe x3 (Chrono Boost), Assimilator  
  109  8:25  Assimilator  
  109  8:26  High Templar x2  
  115  8:28  Photon Cannon  
  115  8:30  Pylon  
  115  8:31  Probe  
  115  8:32  High Templar x4  
  124  8:38  Probe x3  
  124  8:39  Pylon  
  124  8:40  Archon  
  127  8:43  Probe  
  127  8:46  Robotics Facility  
  128  9:03  Gateway  
  128  9:05  Gateway  
  128  9:06  Gateway  
  128  9:08  High Templar  
  128  9:09  High Templar  
  132  9:12  High Templar  
  134  9:19  Archon  
  134  9:23  Photon Cannon  
  134  9:25  Protoss Ground Weapons Level 3 (Chrono Boost)  
  134  9:26  Photon Cannon  
  134  9:27  Photon Cannon  
  134  9:30  Warp Prism (Chrono Boost)  
  133  9:36  High Templar  
  133  9:37  Nexus, High Templar x2  
  141  9:41  Archon  
  141  9:45  Pylon  
  141  9:48  Pylon  
  141  9:50  Gateway  
  141  9:52  Gateway  
  141  9:57  Photon Cannon  
  141  10:03  Stalker x6  
  152  10:10  Stalker x2  
  152  10:13  Pylon  
  156  10:16  Photon Cannon  
  156  10:17  Nexus  
  156  10:18  Shield Battery  
  156  10:20  Pylon, Photon Cannon  
  156  10:21  Pylon  
  156  10:23  Pylon  
  156  10:24  Gateway  
  156  10:26  Pylon  
  156  10:33  Stalker, Photon Cannon  
  156  10:34  Stalker x3  
  164  10:35  Pylon  
  154  10:45  Zealot x4  
  162  10:54  Zealot  
  162  10:55  Probe  
  154  10:57  Warp Prism  
  154  10:59  Stalker x4  
  154  11:03  Probe  
  165  11:12  Archon  
  165  11:14  Zealot x4  
  165  11:15  Probe x2  
  165  11:16  Probe  
  160  11:19  Probe  
  158  11:27  Pylon  
  158  11:29  Probe (Chrono Boost)  
  158  11:30  Probe (Chrono Boost)  
  158  11:31  High Templar x4, Assimilator  
  158  11:32  Probe (Chrono Boost)  
  170  11:33  Probe (Chrono Boost)  
  170  11:34  Assimilator  
  170  11:36  Probe (Chrono Boost)  
  170  11:37  Archon  
  170  11:38  High Templar x4  
  181  11:42  Probe (Chrono Boost)  
  181  11:43  Probe x2 (Chrono Boost), Archon  
  181  11:44  Probe (Chrono Boost)  
  181  11:46  Probe (Chrono Boost)  
  184  11:50  Photon Cannon  
  184  11:51  Probe x2  
  184  11:54  Photon Cannon  
  186  11:55  Photon Cannon  
  186  11:56  Probe  
  187  12:02  Pylon  
  187  12:04  Stalker  
  187  12:05  Stalker x3  
  195  12:15  Probe x4  
  177  12:16  Probe  
  179  12:23  Zealot x4  
  179  12:27  Probe x3  
  190  12:34  Zealot x4  
  185  12:40  Probe x2, Observer (Chrono Boost)  
  185  12:41  Probe  
  185  12:42  Probe  
  190  12:45  Probe  
  183  12:52  Probe  
  183  12:53  Probe x2, Zealot  
  183  12:54  Zealot x4  
  187  13:00  Probe x2  
  189  13:06  Zealot x2  
  181  13:13  Zealot  
  181  13:14  Probe  
  181  13:16  Zealot  
  181  13:20  Zealot  
  181  13:23  Probe  
  181  13:24  Probe x2  
Tags
 
Add a new tag
Caveats
  • Supply blocks, unpowered buildings, or Contaminate may cause inaccurate times.
  • Supply counts are checked every 10 seconds.